AoeStats
← Michi3052

Marketplace

504817816Analyzed
1v1 RM · 27d ago on Sep 6, 2026· 27m 51s· 2 players
Game mode
Random Map
Map size
Tiny (2 player)
Population
200
Speed
Normal
Resources
Standard
Victory
Conquest
Starting age
Dark Age
Ending age
Imperial Age
RankedLock teamsTeams togetherTeam positionsShared explorationLock speedFull tech treeHidden civsTurbo modeCheats
Victory
Defeat
🇪🇸 Slavs · Spain
656
+17
🇲🇽 Bulgarians · Mexico
677
-17
Michi3052
9:47 Loom
12:35 Feudal Age
12:52 Man-at-Arms
13:34 Double-Bit Axe
18:11 Wheelbarrow
20:28 Castle Age
23:27 Bloodlines
24:29 Forging
abe.anderman
2:20 Loom
15:25 Feudal Age
22:58 Arson
25:02 Horse Collar
26:04 Wheelbarrow
Connection lost

Rejoining the realm…

Still unreachable

The connection could not be restored.

Session expired

The server has moved on; the page needs a fresh start.